 Dungeon Crawl Stone Soup version 0.17-a0-1617-gfba1302 (webtiles) character file.

53 thrall606 the Stinger (level 3, -1/24 HPs)
             Began as a Demonspawn Venom Mage on Aug 1, 2015.
             Was an Initiate of Yredelemnul.
             Slain by an adder (2 damage)
             ... on level 3 of the Dungeon.
             The game lasted 00:20:39 (3380 turns).

thrall606 the Stinger (Demonspawn Venom Mage)       Turns: 3380, Time: 00:20:39

Health: -1/24      AC: 11    Str:  6 (9)  XL:     3   Next: 64%
Magic:  0/6        EV:  3    Int: 14 (16) God:    Yredelemnul [......]
Gold:   181        SH:  0    Dex: 11 (13) Spells: 2 memorised, 3 levels left

rFire  . . .     SeeInvis .     f - +1 club
rCold  . . .     Clarity  .     i - +0 chain mail
rNeg   . . .     SustAt   .     (no shield)
rPois  .         Gourm    .     (no helmet)
rElec  .         Spirit   .     (no cloak)
rCorr  .         Warding  .     q - +2 pair of gloves
rMut   .         Stasis   .     (no boots)
MR     +....                    (no amulet)
Stlth  ..........               (no ring)
                                (no ring)

@: lethally poisoned (-1 -> -4), contaminated, glowing, somewhat resistant to
hostile enchantments, extremely unstealthy
A: claws 1, repulsion field 1, deterioration 1, magic resistance 1, powered by
death 1, screaming 1
a: Renounce Religion


You were on level 3 of the Dungeon.
You worshipped Yredelemnul.
Yredelemnul was noncommittal.
You were not hungry.

You visited 1 branch of the dungeon, and saw 3 of its levels.

You collected 181 gold pieces.

Inventory:

Hand weapons
 e - a +0 hunting sling
 f - a +1 club (weapon)
 n - a +0 spear
Armour
 a - a +0 robe
 i - a +0 chain mail (worn)
 o - a cursed +0 leather armour
 q - a +2 pair of gloves (worn)
Scrolls
 d - 4 scrolls of identify
 l - 3 scrolls of remove curse
Potions
 c - 2 potions of curing
 g - a potion of brilliance
Books
 b - a Young Poisoner's Handbook

   Spells                             Type                      Level
   a - Sting                          Conjuration/Poison           1
   b - Cure Poison                    Poison                       2
   c - Mephitic Cloud                 Conjuration/Poison/Air       3
   d - Olgreb's Toxic Radiance        Poison                       4
   e - Venom Bolt                     Conjuration/Poison           5
Comestibles
 h - 4 chunks of flesh
 j - 2 meat rations
 m - a beef jerky
 p - a bread ration


   Skills:
 + Level 0.2 Fighting
 + Level 0.1 Maces & Flails
 + Level 0.6 Armour
 + Level 2.0 Dodging
 + Level 1.7 Stealth
 + Level 2.3 Spellcasting
 + Level 0.6 Conjurations
 + Level 4.6 Poison Magic


You had 3 spell levels left.
You knew the following spells:

 Your Spells              Type           Power        Failure   Level  Hunger
a - Sting                 Conj/Pois      #...         100%        1    #......
b - Cure Poison           Pois           ##........   100%        2    ###....


Dungeon Overview and Level Annotations

Branches:
Dungeon (3/15)

Altars:
Elyvilon
Nemelex Xobeh
Sif Muna
Yredelemnul


Innate Abilities, Weirdness & Mutations

You are surrounded by a mild repulsion field (EV +2).
You regenerate a little health from kills.
You have sharp fingernails.
Your body sometimes deteriorates upon taking damage.
You are resistant to hostile enchantments.
You occasionally shout uncontrollably at your foes.


Message History

Aim: an adder (moderately wounded)
You miscast Sting.
You feel mildly nauseous.
* * * LOW HITPOINT WARNING * * *
You feel sick.
The giant cockroach bites you but does no damage.
The adder bites you but does no damage. x2
Your chain mail prevents you from hitting the adder.
The adder is moderately wounded.
The giant cockroach barely misses you. The adder bites you but does no damage.
The adder bites you but does no damage.
The giant cockroach bites you but does no damage.
The adder bites you but does no damage. The adder bites you.
* * * LOW HITPOINT WARNING * * *
Unknown command.
Unknown command.
You miss the adder.
The adder is moderately wounded.
The adder bites you.
You die...
Your body rises from the dead as a mindless zombie.

..# ####.#.#
#.#####.$.....
...........#.#
#.###.....##.#
#.##.......#.#
#.#..........# ##
#............#
#..?##s#.........##
#..S@.........## ##
#....S#..#.....## #.
......#_#......########.
....#..#...##...........
....#......############.
... ..###### #. .. # ##


You could see 2 adders and a giant cockroach.

Vanquished Creatures
  An ooze (D:1)
  A worm (D:3)
  A ball python (D:1)
  9 bats
  4 giant cockroaches
  4 hobgoblins
  5 jackals
  5 giant newts
  7 goblins
  3 kobolds (D:1)
  4 rats
44 creatures vanquished.

Notes
Turn   | Place    | Note
--------------------------------------------------------------
     0 | D:1      | thrall606 the Demonspawn Venom Mage began the quest for the Orb.
     0 | D:1      | Reached XP level 1. HP: 13/13 MP: 3/3
   467 | D:1      | Gained mutation: You are surrounded by a mild repulsion field (EV +2). [demonic ancestry]
   467 | D:1      | Reached XP level 2. HP: 17/19 MP: 1/5
   776 | D:1      | Learned a level 2 spell: Cure Poison
  1189 | D:1      | Gained mutation: Your body sometimes deteriorates upon taking damage. [mutagenic glow]
  1954 | D:1      | Gained mutation: You regenerate a little health from kills. [demonic ancestry]
  1954 | D:1      | Reached XP level 3. HP: 24/24 MP: 0/6
  2102 | D:2      | Found a sparkling altar of Nemelex Xobeh.
  2413 | D:2      | Gained mutation: You are resistant to hostile enchantments. [mutagenic glow]
  2604 | D:2      | Gained mutation: You occasionally shout uncontrollably at your foes. [mutagenic glow]
  2763 | D:2      | Found a basalt altar of Yredelemnul.
  2763 | D:2      | Found a deep blue altar of Sif Muna.
  2767 | D:2      | Became a worshipper of Yredelemnul the Dark
  3038 | D:2      | Found a white marble altar of Elyvilon.
  3195 | D:3      | Gained mutation: You have sharp fingernails. [mutagenic glow]
  3350 | D:3      | Found a faded altar to an unknown god.
  3379 | D:3      | HP: 1/24 [adder (1)]
  3380 | D:3      | Slain by an adder

Vault maps used:
D:1:      erik_arrival_blinker_ship
D:2:      overflow_temple_1_default, nemelex_deck,
          gammafunk_temple_overflow_wave, first_bread, serial_co_window_serial,
          co_window_corner_a, co_window_paths_a, co_window_paths_a,
          co_window_corner_a, co_window_paths_a, co_window_corner_b,
          co_window_broadway_c, co_window_broadway_c, co_window_4corner_b,
          glass_columns_a
D:3:      ecumenical_altar_1, trog_eyes_of_draining

Action                   || total
-------------------------++-------
Melee: Unarmed           ||     9
       Hunting sling     ||     1
       Club              ||   240
 Cast: Sting             ||    10
  Use: Scroll            ||     6
       Potion            ||     3
  Eat: Bread ration      ||     1
       Chunk             ||     4
       Pizza             ||     1
